[Event "10th Iberoamericano-ch 2024"]
[Site "Linares"]
[Date "2024.09.26"]
[Round "3.1"]
[White "Vallejo Pons, Francisco"]
[Black "Ynojosa Aponte, Felix Jose"]
[Result "1/2-1/2"]
[ECO "B30"]
[WhiteElo "2657"]
[BlackElo "2398"]
[Annotator "TA"]
[PlyCount "57"]
[EventDate "2024.09.25"]
[EventType "swiss"]
[EventCountry "ESP"]
[SourceTitle "playchess.com"]
[Source "ChessBase"]
[SourceQuality "1"]
[TimeControl "5400+30"]

1. e4 c5 2. Nf3 Nc6 3. Bb5 e6 4. Bxc6 bxc6 5. d3 Ne7 6. Qe2 Qc7 7. h4 e5 8. h5 h6 {[%emt 0:00:22] The position is equal.} 9. b3 d6 10. Nbd2 g5 11. hxg6 fxg6 12. Nc4 Bg7 13. Bd2 a5 14. a4 {[%emt 0:01:22] White has more active pieces. The black rooks are passive.} Bg4 15. O-O-O d5 $1 16. Ne3 {[%emt 0:05:25] Excellent horsemanship.} Be6 17. Nh2 {[%emt 0:08:10] [#]} (17. Kb1 $14) 17... c4 $1 18. dxc4 d4 19. Nef1 Qd6 (19... Nc8 $1 $15) 20. Kb1 (20. Kb2 $1 $14) 20... Nc8 $1 $17 {[%emt 0:03:18] ...Nb6 would now be deadly.} 21. Bc1 {[%emt 0:07:51] [#]} Nb6 $1 22. Ka2 $2 {[%emt 0:03:47] [#] Now White is beyond hope.} (22. Qd3 $17 {was called for.}) 22... Nxa4 $1 $19 23. bxa4 {[%emt 0:00:42] Ba3 is the strong threat.} Qb4 24. Nd2 {[%emt 0:00:22] aiming for Ba3.} Qxa4+ 25. Ba3 {[%emt 0:01:58] And now Rb1 would win.} Qxc2+ 26. Ka1 d3 {[%emt 0:26:16] Black is clearly better.} 27. Qf3 Rb8 {[%emt 0:08:17] ( -> ...Qc3+)} 28. Rc1 Qxd2 29. Rhd1 {[%emt 0:00:16] Weighted Error Value: White=0.26 (precise) /Black=0.12 (very precise) .  Loses game:     	White=1     	---        Mistake:       	White=2     	Black=1      Inaccurate:     	White=1     	Black=4      OK:         	White=8     	Black=7      Best:        	White=4     	---        Strong:       	---       	Black=3      Brilliant:      	---       	Black=1} 1/2-1/2

[Event "10th Iberoamericano-ch 2024"]
[Site "Linares"]
[Date "2024.09.26"]
[Round "3.2"]
[White "Leiva, Gianmarco"]
[Black "Salinas Herrera, Pablo"]
[Result "0-1"]
[ECO "C50"]
[WhiteElo "2389"]
[BlackElo "2479"]
[Annotator "TA"]
[PlyCount "77"]
[EventDate "2024.09.25"]
[EventType "swiss"]
[EventCountry "ESP"]
[SourceTitle "playchess.com"]
[Source "ChessBase"]
[SourceQuality "1"]
[TimeControl "5400+30"]

1. e4 e5 2. Nf3 Nc6 3. Bc4 Bc5 4. O-O Nf6 5. d3 d6 6. Bg5 h6 7. Bh4 a6 {[%emt 0:03:57] C50: Hungarian Defence and Giuoco Pianissimo.} 8. c3 Ba7 9. Nbd2 g5 10. Bg3 Nd7 11. Re1 $146 ({Predecessor:} 11. b4 Nf8 12. Qb3 Qe7 13. b5 Na5 14. Qb4 axb5 15. Bxb5+ c6 16. d4 Bb8 17. Be2 {1-0 Firouzja,A (2744)-Praggnanandhaa,R (2757) Bucharest Superbet Classic 4th playoff rapid 2024 (1)}) 11... Ne7 12. Nf1 Ng6 13. h3 $1 h5 14. d4 (14. Qd2 $11 {remains equal.} Nb6 15. Bb3 (15. Nxg5 $2 Nxc4 16. dxc4 h4 $19)) 14... g4 $17 15. hxg4 hxg4 16. N3h2 Qg5 (16... Nf6 $1 $17) 17. Nxg4 (17. Qxg4 $14 Qe7 18. Qd1) 17... Ndf8 (17... Nb6 $15 18. Be2 Be6) 18. Nfe3 (18. Nfh2 $1 $14) 18... Bd7 {[%emt 0:00:58] [#]} (18... Be6 $1 $11) 19. Nf5 ({White should try} 19. dxe5 $1 $14 dxe5 20. Qf3) 19... O-O-O $11 20. Nge3 $2 {[%emt 0:01:25] [#]} (20. Bxf7 $11 Ne7 21. Nxe7+ (21. dxe5 Nxf5 22. exf5 Bxf5 $17) 21... Qxe7 22. Qf3) 20... Rh7 $1 $19 21. Bd5 {[%emt 0:05:43] [#]} Be6 (21... Ne6 $1 $19 22. Qb3 Bb5 23. Bxe6+ (23. a4 $2 Rdh8 $19) 23... fxe6 24. Qxe6+ Bd7) 22. dxe5 $2 (22. Qg4 $15 Qf6 23. Red1) 22... Nd7 $2 (22... dxe5 $19 {Hoping for ...Bxe3.} 23. Qf3 (23. Qb3 $2 Rxd5 24. exd5 Bxf5 $19) 23... Nd7) 23. Bxe6 $2 (23. exd6 $11 {and White stays safe.} Rdh8 24. Kf1 (24. dxc7 $2 Rh1#) 24... Bxf5 (24... Bxe3 25. Nxe3 Rh1+ 26. Ke2 $16) 25. exf5 (25. Nxf5 $2 Nf4 $17) 25... Bxe3 26. Qf3 (26. fxe3 Qxg3 27. fxg6 fxg6 $17) (26. fxg6 Rh1+ 27. Ke2 Rxe1+ 28. Qxe1 Qxd5 $11) 26... Rh1+ 27. Ke2 Nf4+ 28. Bxf4 Rxe1+ 29. Rxe1 Bxf4 30. Bxb7+ Kb8 31. Ba8 (31. dxc7+ Bxc7 32. Bxa6 Re8+ 33. Kf1 Rxe1+ 34. Kxe1 Nc5 $11)) 23... fxe6 $19 24. Nd4 dxe5 (24... Ngxe5 $2 25. Bxe5 (25. Nxe6 $2 {loses.} Qh6 $19) 25... Nxe5 (25... Qh6 $2 26. Bh2 $17) 26. Kf1 $19) 25. Nxe6 Rdh8 26. Kf1 ({Not} 26. Qxd7+ $2 Kxd7 $19) 26... Qf6 27. Qg4 Bxe3 28. Rxe3 $2 (28. Rad1 Bf4 29. Ke2) 28... Rh1+ $19 29. Ke2 Rxa1 30. Nc5 Ngf8 31. Rd3 Qe7 32. Rd5 b6 33. Rxe5 Qf7 34. Nd3 (34. Qf5 $142 Qc4+ (34... Qxa2 35. Re8#) 35. Nd3) 34... Rg8 35. Qf5 Qxf5 (35... Qxa2 $2 36. Re8+ Kb7 37. Qf3 $17) 36. Rxf5 Rxa2 37. Rf7 Ne6 38. Ke3 Nec5 39. Kd4 0-1

[Event "10th Iberoamericano-ch 2024"]
[Site "Linares"]
[Date "2024.09.26"]
[Round "3.3"]
[White "Flores Quillas, Diego Saul Rodri"]
[Black "Horcajuelo Rocamora, Martin"]
[Result "1-0"]
[ECO "B90"]
[WhiteElo "2451"]
[BlackElo "2394"]
[Annotator "TA"]
[PlyCount "93"]
[EventDate "2024.09.25"]
[EventType "swiss"]
[EventCountry "ESP"]
[SourceTitle "playchess.com"]
[Source "ChessBase"]
[SourceQuality "1"]
[TimeControl "5400+30"]

1. e4 c5 2. Nf3 d6 3. d4 cxd4 4. Nxd4 Nf6 5. Nc3 a6 6. h3 e5 7. Nde2 h5 8. g3 Be7 9. Bg2 b5 {[%emt 0:00:17] White has an edge.} 10. Nd5 Nxd5 11. Qxd5 Ra7 12. Be3 Rb7 13. O-O (13. O-O-O $14) 13... Nd7 $11 14. Qd2 O-O 15. Nc3 Nf6 16. Rfc1 Be6 17. Nd5 Nxd5 18. exd5 Bd7 19. c4 bxc4 20. Rxc4 Qb8 (20... f5 $15) 21. b3 Rc8 22. Rac1 $36 {[%emt 0:00:15][%mdl 2048] Black is under pressure.} Rbc7 (22... Rxc4 $11 23. Rxc4 g6) 23. Qa5 {[%emt 0:04:42] White is more active.} (23. Rc6 $16) 23... Rxc4 24. bxc4 h4 (24... f5 $14) 25. g4 $16 ({Much worse is} 25. Qxa6 hxg3 26. fxg3 Bf8 $11) 25... f5 26. gxf5 Bxf5 27. Qxa6 Qa8 $2 {[%emt 0:07:12] [#] A mistake that costs the game.} ({Black should play} 27... Qc7 $1 $14) 28. Qxa8 $18 Rxa8 29. c5 Rxa2 30. c6 Rc2 $2 (30... Kf7 31. c7 Ra8) 31. Rxc2 Bxc2 {[%emt 0:00:07][%mdl 4096] Endgame. KBB-KBB} 32. c7 {[%emt 0:00:34] Wards off Bd8} Bf5 33. Bf1 Bc8 34. Be2 Bxh3 35. Ba6 {[%emt 0:00:04] Against Bc8} Kf7 36. Kh2 Bd7 37. c8=Q Bxc8 38. Bxc8 Kf6 39. Kh3 {[%emt 0:01:46][%cal Oh3g4] [#] Strongly threatening Kg4!} e4 $2 (39... Kf7 40. Be6+ Ke8) 40. Bd4+ Kg5 41. Bxg7 {[%emt 0:00:14] White wants to mate with Bd4.} Kf4 42. Bd4 Kf3 43. Be3 {[%emt 0:00:24][%csl Gh3][%cal Rc8g4] White mates.} Ke2 44. Ba6+ Ke1 45. Kg4 Bf6 46. Bc8 Kf1 47. Bf5 {[%emt 0:00:19] Weighted Error Value: White=0.09 (flawless) /Black=0.64.  Loses game:     	---       	Black=1      Mistake:       	White=2     	Black=5      Inaccurate:     	White=1     	Black=1      OK:         	White=10    	Black=11     Best:        	White=5     	Black=2} 1-0

[Event "10th Iberoamericano-ch 2024"]
[Site "Linares"]
[Date "2024.09.26"]
[Round "3.4"]
[White "Garrido Outon, Alex"]
[Black "Perea Fruet, Lorenzo"]
[Result "1-0"]
[ECO "C70"]
[WhiteElo "2448"]
[BlackElo "2389"]
[Annotator "TA"]
[PlyCount "105"]
[EventDate "2024.09.25"]
[EventType "swiss"]
[EventCountry "ESP"]
[SourceTitle "playchess.com"]
[Source "ChessBase"]
[SourceQuality "1"]
[TimeControl "5400+30"]

1. e4 e5 2. Nf3 Nc6 3. Bb5 a6 4. Ba4 Nge7 5. c3 Ng6 6. d4 {[%emt 0:00:39] C70: Ruy Lopez: 3...a6 4 Ba4, Norwegian and Delayed Schliemann.} exd4 7. cxd4 Bb4+ 8. Nc3 O-O 9. O-O Bxc3 10. bxc3 d6 11. Bg5 f6 $146 ({Predecessor:} 11... Nce7 12. Re1 h6 13. Be3 Bg4 14. h3 Bd7 15. Bb3 Be6 16. d5 Bd7 17. g4 Ne5 {1-0 Kvam,A (2026)-Simonsen,S (1547) As Autum 2018 (3)}) 12. Bd2 Kh8 13. Re1 Bd7 14. c4 Bg4 15. Bxc6 bxc6 16. h3 Bxf3 17. Qxf3 Qd7 18. Bb4 Rfe8 19. Rac1 f5 (19... Kg8 $14) 20. Qxf5 $16 Qxf5 21. exf5 Nh4 22. Ba5 Nxf5 23. Bxc7 Nxd4 24. Rxe8+ (24. Bxd6 $6 Ne2+ 25. Kf1 Nxc1 26. Rxc1 Re4 $11) 24... Rxe8 25. Rd1 (25. Bxd6 $2 Ne2+ 26. Kh2 Nxc1 $19) 25... Ne2+ 26. Kf1 Nc3 27. Rxd6 Nxa2 (27... Ne4 $16 28. Rd3 (28. Rxc6 Nd2+ 29. Kg1 Re1+ 30. Kh2 Nf1+ 31. Kh1 Ng3+ 32. Kh2 Nf1+ 33. Kh1 Ng3+ 34. Kh2 Nf1+ $11) 28... Nc5) 28. Rxc6 $18 Nb4 29. Rd6 Rc8 30. Ba5 Nc6 31. Bc3 Rc7 32. Ke2 Kg8 33. Kd3 Kf7 34. c5 a5 35. Kc4 a4 36. Kb5 Ne7 37. Ba5 (37. Kxa4 Rxc5 38. Kb3 Rc7 $14) 37... Rc8 38. Rd4 (38. Kxa4 Rxc5 39. Rd7 Ke8 40. Rxe7+ (40. Rd8+ Kf7 $18) 40... Kxe7) 38... a3 (38... Ke6 {was called for.} 39. Rd6+ (39. Kxa4 Rxc5 40. Re4+ Re5 $14) (39. Rxa4 Kd5 $18) 39... Kf7) 39. Ra4 $18 Ke6 40. Rxa3 Nc6 41. Bb6 Kd5 42. Rd3+ Nd4+ 43. Ka6 Kc4 44. Rg3 Rf8 45. Rxg7 Rxf2 $2 (45... Ne6 46. Rxh7 Nxc5+ 47. Bxc5 Kxc5) 46. c6 $18 (46. Rxh7 Rxg2 47. Rh6 Rg3 $18) 46... Ra2+ 47. Kb7 Nf5 48. Rd7 (48. c7 $142 Nd6+ 49. Kc6) 48... Re2 49. g4 (49. c7 $142 Ne7 50. Bd4 (50. c8=R+ Nxc8 51. Kxc8 Rxg2 $18) 50... Re6 51. Bf6 (51. c8=R+ Nxc8 52. Kxc8 Rg6 $18) 51... Nc8 52. Kxc8 Rxf6 53. Kb7 (53. Rxh7 Rd6 $18) 53... Rf8 54. c8=Q+ (54. c8=R+ Rxc8 55. Kxc8 h5 56. h4 Kc5 57. Rh7 Kd5 58. Rxh5+ Ke4) 54... Rxc8 55. Kxc8) 49... Ne7 $18 50. c7 Kb5 51. Bd4 Re6 52. Rxe7 Rxe7 53. Kb8 1-0

[Event "10th Iberoamericano-ch 2024"]
[Site "Linares"]
[Date "2024.09.26"]
[Round "3.5"]
[White "Ladron De Guevara Pinto, Paolo"]
[Black "Oro, Faustino"]
[Result "1/2-1/2"]
[ECO "B15"]
[WhiteElo "2371"]
[BlackElo "2434"]
[Annotator "RC"]
[PlyCount "230"]
[EventDate "2024.09.25"]
[EventType "swiss"]
[EventCountry "ESP"]
[SourceTitle "playchess.com"]
[Source "ChessBase"]
[SourceQuality "1"]
[TimeControl "5400+30"]

1. e4 c6 2. d4 d5 3. Nc3 dxe4 4. Nxe4 Nf6 5. Nxf6+ exf6 6. Be3 Bd6 7. Bd3 O-O 8. Ne2 Re8 9. O-O Nd7 10. c4 Nf8 11. Qd2 Ng6 12. Ng3 Bd7 13. Rad1 a5 14. Qc2 Qc7 15. Rfe1 Rad8 16. Nf1 Bg4 17. f3 Be6 18. a3 Nf8 19. Bf2 Qb8 20. Be4 h6 21. d5 cxd5 22. Bxd5 Bxd5 23. Rxe8 Rxe8 24. Rxd5 Bc7 25. b4 axb4 26. axb4 Ng6 27. c5 Nf4 28. Rd2 Qc8 29. Ng3 Qe6 30. Qe4 Qc8 31. Qc2 Be5 32. Ne2 Ne6 33. b5 Qc7 34. g3 Ng5 35. Kg2 Qc8 36. Ng1 Ne6 37. Qc4 Bb8 38. c6 bxc6 39. bxc6 Re7 40. Ne2 Rc7 41. Nd4 Nxd4 42. Rxd4 Rxc6 43. Qd3 Bc7 44. Rc4 Rxc4 45. Qxc4 Qd7 46. Qd4 Bd6 47. Qd5 Qc7 48. Qa8+ Kh7 49. Qa7 Qc4 50. Qd4 Qa6 51. Qb6 Qa3 52. Qe3 Qb4 53. Qb6 Qxb6 54. Bxb6 Kg6 55. g4 f5 56. h3 Be5 57. Bd8 Bd6 58. Bh4 Bf4 59. Be7 Bg5 60. Bc5 Bd8 61. Bd4 Bc7 62. Bc3 fxg4 63. fxg4 Bd8 64. Kf3 Bf6 65. Bb4 Kh7 66. Bd2 Bb2 67. Be3 Kg8 68. Bc5 g6 69. Be3 Kg7 70. Bd2 Bf6 71. Bb4 Bg5 72. Bc3+ Kf8 73. Bb4+ Ke8 74. Ke4 Kd7 75. Kd5 Bc1 76. Bf8 Bf4 77. Ke4 Bd2 78. Kd5 Ke8 79. Bc5 Bg5 80. Bb4 Be7 81. Bd2 Bf8 82. Be3 Bg7 83. Kd6 Bf8+ 84. Ke5 Bg7+ 85. Kd6 Kf8 86. Bd2 Kg8 87. Kd5 Kh7 88. Ke4 Ba1 89. Bc1 Kg7 90. Bd2 Bb2 91. Be3 Bc3 92. Bc1 Bb4 93. Be3 Kf6 94. Bc1 Bf8 95. Bd2 Ke6 96. Bc1 Bg7 97. Ba3 Bf6 98. Bf8 Bg5 99. Bb4 f6 100. Ba3 Bd2 101. Bb2 f5+ 102. gxf5+ gxf5+ 103. Kf3 Kf7 104. Bd4 Kg6 105. Bf2 Kg5 106. Bg3 h5 107. Bf2 f4 108. Ke2 Be3 109. Bxe3 fxe3 110. Kxe3 Kh4 111. Kf2 Kxh3 112. Kg1 Kg3 113. Kh1 h4 114. Kg1 h3 115. Kh1 h2 1/2-1/2

[Event "10th Iberoamericano-ch 2024"]
[Site "Linares"]
[Date "2024.09.26"]
[Round "3.6"]
[White "Mingarro Carceller, Sergi"]
[Black "Garcia Ramos, Daniel"]
[Result "0-1"]
[ECO "B12"]
[WhiteElo "2273"]
[BlackElo "2415"]
[Annotator "RC"]
[PlyCount "100"]
[EventDate "2024.09.25"]
[EventType "swiss"]
[EventCountry "ESP"]
[SourceTitle "playchess.com"]
[Source "ChessBase"]
[SourceQuality "1"]
[TimeControl "5400+30"]

1. e4 c6 2. d4 d5 3. e5 Bf5 4. Bd3 Bxd3 5. Qxd3 e6 6. c3 c5 7. Ne2 Nc6 8. O-O h5 9. Nd2 Rc8 10. Nf3 Nh6 11. dxc5 Bxc5 12. Ned4 Qb6 13. b4 Bxd4 14. cxd4 Nf5 15. Rd1 Nxb4 16. Qb3 Nc2 17. Qxb6 axb6 18. Rb1 Rc6 19. h3 h4 20. Kf1 Kd7 21. Bg5 Ra8 22. Bxh4 Rxa2 23. g4 Ra3 24. Kg2 Rxf3 25. Kxf3 Nxh4+ 26. Kf4 Kc7 27. Rb3 Rc4 28. Rbd3 Nb4 29. Rb3 Nc6 30. Rbd3 b5 31. Kg5 Ng6 32. f4 b4 33. f5 Nf8 34. f6 Nh7+ 35. Kh5 gxf6 36. Kh6 Ng5 37. exf6 Ne4 38. Kg7 Nf2 39. g5 Nxd3 40. g6 Nf4 41. Kxf7 Nd8+ 42. Kg7 Nh5+ 43. Kf8 Nxf6 44. g7 b3 45. Rf1 b2 46. Rxf6 b1=Q 47. g8=Q Qb4+ 48. Ke8 Qd6 49. Qg7+ Kc8 50. Rf8 Rc7 0-1

[Event "10th Iberoamericano-ch 2024"]
[Site "Linares"]
[Date "2024.09.26"]
[Round "3.7"]
[White "Fernandez Sanchez, Fernando Miguel"]
[Black "Santos Flores, Alberto"]
[Result "1/2-1/2"]
[ECO "A13"]
[WhiteElo "2399"]
[BlackElo "2168"]
[Annotator "RC"]
[PlyCount "220"]
[EventDate "2024.09.25"]
[EventType "swiss"]
[EventCountry "ESP"]
[SourceTitle "playchess.com"]
[Source "ChessBase"]
[SourceQuality "1"]
[TimeControl "5400+30"]

1. c4 e6 2. g3 d5 3. Bg2 dxc4 4. Qa4+ Nd7 5. Qxc4 a6 6. Qc2 Ngf6 7. Nf3 c5 8. O-O Qc7 9. d4 Bd6 10. Rd1 b5 11. Ne5 Bb7 12. Nxd7 Nxd7 13. d5 exd5 14. Bxd5 Bxd5 15. Rxd5 Nf6 16. Rf5 Qc6 17. b3 O-O 18. Bb2 Be7 19. Nd2 Rac8 20. Rc1 Qd7 21. Nf1 c4 22. Ne3 cxb3 23. Qxb3 Rxc1+ 24. Bxc1 Ng4 25. Qd5 Qc7 26. Nxg4 Qxc1+ 27. Kg2 Qc4 28. Ne3 Qxd5+ 29. Rxd5 Rb8 30. Rd7 Bc5 31. Nd5 Kf8 32. Rc7 Bd4 33. e3 Rd8 34. Nb4 Bb6 35. Rb7 Rd6 36. Rb8+ Bd8 37. Nxa6 Rxa6 38. Rxd8+ Ke7 39. Rb8 Rxa2 40. Rxb5 g6 41. g4 h6 42. h4 Kf6 43. h5 g5 44. Rf5+ Kg7 45. Kg3 Ra1 46. Kg2 Ra2 47. Kf3 Ra1 48. Rd5 Rg1 49. Rc5 Kf6 50. Rc6+ Kg7 51. Rb6 Kh7 52. Rf6 Kg7 53. Ra6 Kh7 54. Ra8 Kg7 55. Ra2 Kf6 56. Rb2 Kg7 57. Rd2 Kf6 58. Rd4 Kg7 59. Ke2 Ra1 60. Kd3 Rg1 61. f3 Rg2 62. Ke4 Rg3 63. Rd5 Kh7 64. Rd1 Kg7 65. Rf1 Rg2 66. Kf5 Ra2 67. Rd1 Ra5+ 68. Ke4 Ra8 69. Rd5 Ra4+ 70. Kd3 Ra3+ 71. Ke2 Ra2+ 72. Rd2 Ra4 73. Rd4 Ra2+ 74. Rd2 Ra4 75. e4 Ra3 76. Rd3 Ra2+ 77. Ke3 Ra1 78. Rc3 Ra5 79. Kd4 Ra4+ 80. Kd5 Ra5+ 81. Kd4 Ra4+ 82. Ke3 Ra5 83. Rd3 Kf6 84. Kd4 Ra4+ 85. Kd5 Ra5+ 86. Kc6 Ra6+ 87. Kb5 Ra1 88. Rd5 Rc1 89. Rf5+ Kg7 90. Rc5 Rf1 91. Rc3 Kf6 92. Kc6 Rd1 93. Rc5 Rd3 94. Rf5+ Kg7 95. e5 Rd1 96. Kc5 Rd2 97. Rf6 Rd1 98. Kc6 Rd3 99. Kc7 Rd1 100. Rf5 Rd2 101. Kc6 Rd3 102. Rf6 Rd1 103. Rd6 Re1 104. Kd5 Re3 105. Rf6 Ra3 106. Ke4 Ra4+ 107. Ke3 Ra3+ 108. Kd4 Ra4+ 109. Kd3 Ra3+ 110. Kd4 Ra4+ 1/2-1/2

[Event "10th Iberoamericano-ch 2024"]
[Site "Linares"]
[Date "2024.09.26"]
[Round "3.8"]
[White "Panelo, Marcelo"]
[Black "Pichot, Alan"]
[Result "0-1"]
[ECO "D39"]
[WhiteElo "2364"]
[BlackElo "2628"]
[Annotator "TA"]
[PlyCount "74"]
[EventDate "2024.09.25"]
[EventType "swiss"]
[EventCountry "ESP"]
[SourceTitle "playchess.com"]
[Source "ChessBase"]
[SourceQuality "1"]
[TimeControl "5400+30"]

1. d4 Nf6 2. c4 e6 3. Nf3 d5 4. Nc3 Bb4 5. Bg5 dxc4 6. e4 b5 7. e5 (7. a4 {simplifies} c5 8. axb5 cxd4 9. Bxf6 Qxf6 10. Qxd4 Qxd4 11. Nxd4 Bc5 12. Rd1) 7... h6 $1 8. exf6 hxg5 9. fxg7 {[%emt 0:00:03] White has an edge.} Rg8 10. g3 (10. a4 $14 {stays ahead.}) 10... Bb7 {[%emt 0:05:14][%cal Og5g4] [#] ...g4! is the strong threat.} (10... g4 {feels hotter.} 11. Nh4 Bb7 12. Bg2 Bxg2 13. Nxg2 Nc6) 11. Bg2 Rxg7 {[%emt 0:02:20] Black is more active.} (11... g4 $1 $17 12. Nh4 Bxg2 13. Nxg2 Nc6) 12. O-O $11 Bxc3 13. bxc3 Nd7 14. a4 a6 15. Qe2 g4 16. Nh4 Bxg2 17. Nxg2 c6 (17... Nb6 $11 {keeps the balance.}) 18. Qe4 Rc8 19. axb5 axb5 20. Nf4 (20. f4 $1 $14) 20... Qg5 21. Rfe1 Kf8 22. Ra6 Nf6 23. Qg2 {[%emt 0:00:33][%cal Oe1e6] Rxe6! would now be deadly.} Nd5 24. Rxe6 Qf5 25. Rexc6 Qb1+ 26. Qf1 Qxf1+ 27. Kxf1 Rxc6 28. Rxc6 Nxc3 {[%emt 0:00:05][%mdl 4096] Endgame. KRN-KRN} 29. Rc7 {[%emt 0:02:49] [#]} (29. Rc5 $11) 29... Rh7 $1 $17 30. Ng6+ Ke8 ({Much weaker is} 30... fxg6 $6 31. Rxh7 b4 32. Rb7 $11) 31. Ne5 $1 Rxh2 32. Nxf7 {[%emt 0:01:02][%mdl 8192] White does not recover from this.} ({Only move:} 32. Rxf7 $15 Rh1+ 33. Kg2) 32... Ne4 $19 33. Kg1 (33. Ne5 Rxf2+ 34. Ke1) 33... Rh7 {[%emt 0:01:17] Black is clearly winning.} ({Worse is} 33... Rxf2 34. Nd6+ Nxd6 35. Kxf2 $11) 34. Nd6+ Nxd6 35. Rxh7 c3 {[%emt 0:00:18] ( -> ...c2)} 36. Kg2 c2 37. Rh1 b4 {[%emt 0:00:05] Weighted Error Value: White=0.67/Black=0.11 (very precise) .  Loses game:     	White=1     	---        Mistake:       	White=4     	Black=2      Inaccurate:     	---       	Black=1      OK:         	White=8     	Black=13     Best:        	White=2     	Black=7      Strong:       	White=1     	Black=2} 0-1

[Event "10th Iberoamericano-ch 2024"]
[Site "Linares"]
[Date "2024.09.26"]
[Round "3.9"]
[White "Sos Andreu, Eric"]
[Black "Quesada Perez, Luis Ernesto"]
[Result "0-1"]
[ECO "D12"]
[WhiteElo "2359"]
[BlackElo "2578"]
[Annotator "TA"]
[PlyCount "66"]
[EventDate "2024.09.25"]
[EventType "swiss"]
[EventCountry "ESP"]
[SourceTitle "playchess.com"]
[Source "ChessBase"]
[SourceQuality "1"]
[TimeControl "5400+30"]

1. d4 d5 2. c4 c6 3. Nf3 Nf6 4. e3 Bf5 5. Nc3 e6 6. Nh4 Be4 7. f3 Bg6 8. Nxg6 hxg6 9. Qb3 Qc7 {[%emt 0:00:07] White has an edge.} 10. Bd2 dxc4 11. Qxc4 a6 12. e4 b5 13. Qe2 Be7 14. g3 c5 15. dxc5 Nc6 (15... Qxc5 $6 16. Rc1 Qa7 17. e5 $16) (15... Bxc5 16. e5 Nfd7 17. Rc1 $14) 16. Be3 {[%emt 0:00:44] Inhibits Nd4.} Rd8 17. Rd1 O-O 18. Bg2 {[%emt 0:04:55] [#]} (18. a3 $11 {remains equal.}) 18... Rxd1+ $1 $17 19. Qxd1 Qa7 20. O-O Bxc5 21. Bxc5 Qxc5+ 22. Kh1 Rd8 {[%emt 0:00:06] Black has more active pieces.} 23. Qc1 (23. Qe2 $17 {was called for.}) 23... Ne5 $36 {[%emt 0:07:34][%mdl 2048] Black is in control.} 24. Qg5 (24. Nb1 $17 Qxc1 25. Rxc1) 24... b4 (24... Rd3 $19 25. Ne2 Rd7) 25. Nd1 {[%emt 0:05:17] [#] This move loses the game for White.} (25. Nd5 $17) 25... Qd4 ({Black should try} 25... Qc2 $1 $19 {[%cal Od8d2] And now ...Rd2! would win.} 26. Ne3 Qxb2) 26. h3 (26. b3 $17 {keeps fighting.}) 26... a5 27. Kh2 a4 28. f4 $2 (28. b3) 28... Nc4 (28... Nxe4 29. Qxe5 Qxe5 30. fxe5 $16) 29. e5 Ne4 ({Less strong is} 29... Nxb2 30. Nxb2 Qxb2 31. exf6 $17) 30. Bxe4 (30. Qe7) 30... Nd2 31. Rg1 Nxe4 32. Qh4 {[%emt 0:00:39] White is weak on the light squares} Qd2+ 33. Kh1 Rd3 {[%emt 0:00:30] Weighted Error Value: White=0.95/Black=0.13 (very precise) .  Mistake:       	White=7     	Black=2      Inaccurate:     	White=2     	Black=2      OK:         	White=5     	Black=10     Best:        	White=1     	Black=2      Strong:       	---       	Black=1} (33... Rc8 $142 34. Ne3 Qxe3 35. Kh2 Rc2+ 36. Rg2 Rxg2+ 37. Kxg2 Qf2+ 38. Kh1 Nxg3+ 39. Qxg3 Qxg3 40. h4 Kh7 (40... Qxh4+ {leads to mate.} 41. Kg1 Qg3+ 42. Kh1 Kh7 43. b3 Kh6 44. f5 gxf5 45. bxa4 f4 46. a5 f3 47. a6 Qg2#) 41. b3 a3 (41... Qxf4 {is a self mate.} 42. bxa4 Qd2 43. a5 Qxa2 44. h5 b3 45. h6 b2 46. Kg2 b1=Q+ 47. Kg3 Qe4 48. hxg7 Qag2#) 42. f5 gxf5 43. h5 f4 (43... Qxe5 44. Kg2 Qe2+ 45. Kg3 Kh6 46. Kf4 Qf2+ 47. Ke5 Qg3+ 48. Kd4 Qc3#) 44. h6 f3 45. hxg7 Qg2#) 0-1

[Event "10th Iberoamericano-ch 2024"]
[Site "Linares"]
[Date "2024.09.26"]
[Round "3.10"]
[White "Iturrizaga Bonelli, Eduardo"]
[Black "Marin Ferragut, Pau"]
[Result "1-0"]
[ECO "A13"]
[WhiteElo "2577"]
[BlackElo "2348"]
[Annotator "RC"]
[PlyCount "119"]
[EventDate "2024.09.25"]
[EventType "swiss"]
[EventCountry "ESP"]
[SourceTitle "playchess.com"]
[Source "ChessBase"]
[SourceQuality "1"]
[TimeControl "5400+30"]

1. Nf3 d5 2. c4 e6 3. e3 Nf6 4. b3 b6 5. Bb2 Bb7 6. Be2 Nbd7 7. O-O Bd6 8. d4 O-O 9. Nc3 a6 10. cxd5 exd5 11. Re1 Qe7 12. Rc1 Rae8 13. Nd2 b5 14. a4 b4 15. Ncb1 Qe6 16. Nf1 Rc8 17. Nbd2 Rfe8 18. Ng3 g6 19. Bd3 h5 20. f4 h4 21. Ngf1 h3 22. g3 Ne4 23. Nxe4 dxe4 24. Bc4 Bd5 25. Bxa6 Rcd8 26. Bc4 Nf6 27. Nd2 Bf8 28. Bf1 c6 29. Nc4 Rb8 30. Qd2 Nd7 31. Ra1 Ra8 32. Rec1 Reb8 33. Rc2 Be7 34. Rac1 Rc8 35. Qf2 Qf5 36. Qe2 Be6 37. Qd1 Nf6 38. Qe1 Rcb8 39. Qe2 Rb7 40. Ne5 Bxb3 41. Rxc6 Qh5 42. Qxh5 gxh5 43. Rc8+ Rxc8 44. Rxc8+ Kh7 45. a5 Bd5 46. a6 Ra7 47. Nc6 Bxc6 48. Rxc6 Nd5 49. Kf2 b3 50. Rc8 Nc7 51. d5 Nxd5 52. Bd4 Rc7 53. Bxh3 Rc2+ 54. Rxc2 bxc2 55. a7 c1=Q 56. a8=Q Qc2+ 57. Kg1 Qb1+ 58. Bf1 Nf6 59. Qa5 Qd1 60. Qf5+ 1-0